cohdb
Replays
Latest Replays
All Replays
Popular Replays
Top Player Replays
Match Explorer
How It Works
Community
CoH3 Stats
Reddit
Sign in to upload your games and track your stats! →
Sign in with Steam
Match 43900518
Unlisted
Match 43900518
Overview
Messages
Build Orders
End
Construct Infanterie Kompanie
Kettenkrad Recon Vehicle
Selects Breakthrough Battlegroup
MG 42 Machine Gun Team
Grenadier Squad
GrW 34 Mortar Team
Infanterie Officer Quarters
Grenadier Squad
Selects Assault Grenadiers
Selects Smoke Bombing Run
Construct Panzergrenadier Kompanie
Pak 40 Anti-tank Gun Team
251 Medium Carrier
Selects Mechanized Assault Group
Mechanized Assault Group
Support Elements
StuG III G Assault Gun
Nebelwerfer 42 Rocket Launcher Team
Panzergrenadier Officer Quarters
Selects Rapid Production
Selects Blitzkrieg
StuG III G Assault Gun
Side Skirts
Blitzkrieg
StuG III G Assault Gun
StuG III G Assault Gun
Pioneer Squad
Pioneer Squad
Blitzkrieg
Selects Tiger Heavy Tank
Tiger Heavy Tank
StuG III G Assault Gun
Blitzkrieg
[Meow]MeowTiTi(◓Д◒)✄
NacktesZerhacktes
cottee
TidaL
Zed
O. Jauregui
0
0
Comments
sign in to comment!
No comments posted yet!